 Dungeon Crawl Stone Soup version 0.29.1-1-gd02db6906a (webtiles) character file.

Game seed: 10948306658536134018

227 giganojonis the Covered (level 5, -1/46 HPs)
             Began as a Minotaur Fighter on Oct 5, 2022.
             Slain by Sigmund
             ... wielding a +0 scythe
              (8 damage)
             ... on level 5 of the Dungeon.
             The game lasted 00:12:48 (2893 turns).

giganojonis the Covered (Minotaur Fighter)          Turns: 2893, Time: 00:12:48

Health: -1/46      AC: 10    Str: 26    XL:     5   Next: 70%
Magic:  4/4        EV:  8    Int:  5    God:
Gold:   194        SH:  8    Dex: 10    Spells: 4/4 levels left

rFire   . . .      SeeInvis .   r - +7 whip of the Dead {flame, Str+4}
rCold   . . .      Faith    .   t - +0 kite shield
rNeg    . . .      Spirit   .   b - +0 scale mail
rPois   .          Reflect  .   (helmet restricted)
rElec   .          Harm     .   (no cloak)
rCorr   .          Rampage  .   (no gloves)
Will    .....                   m - +2 pair of boots
Stlth   ..........              (no amulet)
HPRegen 0.15/turn               (no ring)
MPRegen 0.09/turn               (no ring)

@: no status effects
A: horns 2, retaliatory headbutt
a: no special abilities


You were on level 5 of the Dungeon.
You visited 1 branch of the dungeon, and saw 5 of its levels.

You collected 194 gold pieces.

Inventory:

Hand Weapons
 a - a +1 long sword
 r - the +7 whip of the Dead (weapon) {flame, Str+4}
   (You found it on level 3 of the Dungeon)

   It burns those it strikes, dealing additional fire damage.
   Str:       It affects your strength (+4).
Armour
 b - a +0 scale mail (worn)
 c - a +0 buckler
 f - a +0 chain mail
 j - a +0 pair of boots
 m - a +2 pair of boots (worn)
 t - a +0 kite shield (worn)
Wands
 x - a wand of charming (10)
Scrolls
 g - a scroll of brand weapon {unknown}
 h - a scroll of butterflies {unknown}
 i - 5 scrolls of identify {unknown}
 l - 2 scrolls of vulnerability {unknown}
 n - a scroll of fear {unknown}
 p - 3 scrolls of torment {unknown}
 q - 2 scrolls of enchant weapon
 s - a scroll of amnesia {unknown}
 v - 2 scrolls of noise {unknown}
 y - a scroll of teleportation {unknown}
Potions
 d - 2 potions of might
 e - a potion of resistance
 k - a potion of brilliance {unknown}
 o - 2 potions of ambrosia {unknown}
 u - 2 potions of heal wounds {unknown}
 w - a potion of curing {unknown}


   Skills:
 + Level 4.3 Fighting
 + Level 4.6 Long Blades
 + Level 1.5 Maces & Flails
 + Level 5.0 Armour
 + Level 1.2 Dodging
 + Level 0.2 Stealth
 + Level 4.4 Shields


You had 4 spell levels left.
You didn't know any spells.
Your spell library contained the following spells:

 Spells                   Type           Power      Damage    Failure   Level
 Ozocubu's Armour         Ice            0%         N/A       100%        3
 Ozocubu's Refrigeration  Ice            0%         4d7       100%        7


Dungeon Overview and Level Annotations

Branches:
Dungeon (5/15)
 Temple: D:4-7

Altars:
Cheibriados
Sif Muna
Uskayaw
Wu Jian
The Shining One

Shops:
D:1 [   D:3 =

Annotations:
D:4 2 runed translucent doors
D:5 Sigmund


Innate Abilities, Weirdness & Mutations

You have a pair of horns on your head.
You reflexively headbutt those who attack you in melee.


Message History

You open the door.
An ogre comes into view. It is wielding a +0 giant spiked club.
The ogre shouts!
The ogre hits you with a +0 giant spiked club!
* * * LOW HITPOINT WARNING * * *
There is an open door here.
You barely miss the ogre. You headbutt the ogre!
The ogre is moderately wounded.
You barely miss the ogre. You headbutt the ogre.
The ogre is heavily wounded.
You block the ogre's attack.
You whack the ogre! You burn the ogre.
The ogre is almost dead.
You block the ogre's attack.
You hit the ogre. You burn the ogre.
You kill the ogre!
Your Maces & Flails skill increases to level 1!
Your Armour skill increases to level 5!
Your Dodging skill increases to level 1!
Things that are here:
a +0 giant spiked club; an ogre corpse Sigmund the Dreaded comes into view.
He is wielding a +0 scythe and wearing a +1 robe of fire resistance.
Found a quarterstaff.
Sigmund completely misses you.
You hit Sigmund. You burn Sigmund. Your headbutt misses Sigmund.
Sigmund is lightly wounded.
You whack Sigmund!
Sigmund is severely wounded.
Sigmund hits you but does no damage.
You hit Sigmund.
Sigmund is severely wounded.
Sigmund casts a spell.
Sigmund flickers and vanishes!
Deactivating autopickup; reactivate with Ctrl-A.
You miss something. Something hits you.
* * * LOW HITPOINT WARNING * * *
You miss something.
You hear the slow hiss of a very distant avalanche of sand.
Something hits you!
You die...

###############
#..............
#......@{....).
#...########+##
#...##..####..#
#....#.........
#...)'.........
########'############.
#.....................
#............>........
#.....................


There were no monsters in sight!

Vanquished Creatures
  An ogre (D:5)
  2 gnolls
  2 adders
  3 worms
  8 ball pythons
  6 bats
  15 endoplasms
  5 giant cockroaches
  10 goblins
  6 hobgoblins
  8 jackals (D:1)
  3 quokkas
  3 frilled lizards (D:1)
  10 kobolds
  2 rats
84 creatures vanquished.

Notes
Turn   | Place    | Note
-------+----------+-------------------------------------------
     0 | D:1      | giganojonis the Minotaur Fighter began the quest for the
                  | Orb.
     0 | D:1      | Reached XP level 1. HP: 19/19 MP: 0/0
   542 | D:1      | Reached XP level 2. HP: 27/27 MP: 1/1
   549 | D:1      | Found Largh's Antique Armour Shop.
   565 | D:1      | Reached skill level 4 in Armour
   807 | D:1      | Found a faded altar of an unknown god.
   811 | D:1      | Reached XP level 3. HP: 33/33 MP: 2/2
  1632 | D:2      | Reached XP level 4. HP: 40/40 MP: 3/3
  2184 | D:3      | Found Honaaczo's Jewellery Shoppe.
  2198 | D:3      | Identified the +7 whip of the Dead {flame, Str+4}
  2333 | D:3      | Found a glowing golden altar of the Shining One.
  2628 | D:4      | Found an ornate altar of the Wu Jian Council.
  2628 | D:4      | Found a snail-covered altar of Cheibriados.
  2628 | D:4      | Found a shimmering blue altar of Sif Muna.
  2628 | D:4      | Found a hide-covered altar of Uskayaw.
  2717 | D:4      | Found a large runed translucent door.
  2717 | D:4      | Found a large runed translucent door.
  2845 | D:5      | Entered Level 5 of the Dungeon
  2847 | D:5      | Reached XP level 5. HP: 20/46 MP: 4/4
  2873 | D:5      | Noticed an ogre
  2878 | D:5      | Killed an ogre
  2879 | D:5      | Reached skill level 1 in Maces & Flails
  2879 | D:5      | Reached skill level 5 in Armour
  2879 | D:5      | Reached skill level 1 in Dodging
  2885 | D:5      | Noticed Sigmund
  2893 | D:5      | Slain by Sigmund

Illustrated notes

Levels and vault maps discovered:
D:1:      minmay_arrival_doors, layout_loops_ring, ebering_ecumenical_altar_box,
          serial_shops, nicolae_shop_crystal
D:2:      layout_rooms, chequers_serial_rivers_micro_e, minmay_between
D:3:      layout_rooms, mainiacjoe_overflow_six_doors_small, serial_shops,
          shop_statue
D:4:      layout_cave_pools, vehumet_altar_wand_db,
          chequers_temple_overflow_statue_of_worship,
          ebering_ghost_disaster_area, st_stairs_13
D:5:      layout_gridville, mainiacjoe_overflow_surrounded_room,
          nicolae_ru_path_of_blood, minmay_temple_entry_statues_fountains,
          nicolae_ossuary_entry_giza, minivault_26, uniq_prince_ribbit1,
          uniq_menkaure, uniq_pikel, uniq_sigmund

Skill      XL: |  1  2  3  4  5 |
---------------+----------------+-----
Armour         | 4 5 |  5.0
Long Blades    | 3 4 |  4.6
Shields        | 4 |  4.4
Fighting       | 4 |  4.3
Maces & Flails | 1 |  1.5
Dodging        | 1 |  1.2
Stealth        | |  0.2

Action                   |  1- 3 |  4- 6 || total
-------------------------+-------+-------++-------
Melee: Long sword        |   110 |    44 ||   154
       Headbutt          |    15 |     8 ||    23
       Whip              |       |    32 ||    32
  Use: Scroll            |     1 |       ||     1
       Potion            |       |     1 ||     1
Armor: Scale mail        |    47 |    35 ||    82
Dodge: Dodged            |    49 |    47 ||    96
Block: Buckler           |    31 |    15 ||    46
       Kite shield       |       |    16 ||    16
